Blue Jackets vs Predators (R1)

Created - October 31, 2022 at 19:27

Goals
1 2 3 T
Blue Jackets 0 2 1 3
Predators 0 1 0 1
Shots
1 2 3 T
Blue Jackets 10 5 13 28
Predators 6 8 9 23

1st period

No Goal

Penalties :
Bobby Ryan (Clb) for High sticking (Minor) at 0:22, Shea Weber (Clb) for Hooking (Minor) at 7:01, Shea Weber (Clb) for Holding (Minor) at 17:28

2nd period

1. Blue Jackets , Peter Mueller 1 (Devin Setoguchi 1, Adam Larsson 1) at 13:43
2. Predators , Mikael Granlund 1 (Alexander Ovechkin 1, Ryan Mcdonagh 1) at 13:49
3. Blue Jackets , Peter Mueller 2 (Ben Chiarot 1) at 18:34

Penalties :
Justin Faulk (Nas) for Slashing (Minor) at 10:52

3rd period

4. Blue Jackets , Shea Theodore 1 (Sean Monahan 1) at 11:38 (PP)

Penalties :
Artemi Panarin (Clb) for Hooking (Minor) at 5:33, Matt Stajan (Nas) for Tripping (Minor) at 8:34, Jack Eichel (Nas) for Hooking (Minor) at 11:11, Andy Miele (Nas) for Hooking (Minor) at 14:15

Goalie Stats

Michal Neuvirth (Clb), 22 saves from 23 shots - (0.957), W, 1-0-0, 60:00 minutes
Jaroslav Halak (Nas), 25 saves from 28 shots - (0.893), L, 0-1-0, 60:00 minutes

Players Stats for Blue Jackets

Player Name              G  A  P  +/- PIM S  H  SB GA TA FO     MP     PP MP  PK MP  
------------------------------------------------------------------------------------
Adam Larsson             0  1  1   1  0   0  0  0  0  2  0/0    18:18   0:00   3:53 
Artemi Panarin           0  0  0  -1  2   4  2  0  1  1  0/0    20:31   2:55   1:07 
Ben Chiarot              0  1  1   1  0   0  1  0  0  0  0/0    12:06   0:00   0:00 
Bobby Ryan               0  0  0  -1  2   1  5  0  0  0  1/2    18:08   2:55   0:00 
Colton Parayko           0  0  0  -1  0   1  0  3  0  0  0/0    26:12   3:01   4:36 
Devin Setoguchi          0  1  1   2  0   0  2  0  0  0  1/1    11:11   0:00   0:00 
Fabian Brunnstrom        0  0  0   2  0   2  1  0  0  0  0/0    11:56   0:00   0:24 
Mitch Marner             0  0  0   0  0   3  1  0  0  0  0/2    14:36   3:29   0:00 
Peter Mueller            2  0  2   2  0   4  0  0  1  0  2/3    14:02   0:00   1:48 
Rickard Rakell           0  0  0   0  0   3  1  0  1  1  0/0    17:48   3:29   2:25 
Sean Monahan             0  1  1   0  0   2  3  0  0  0  2/12   14:36   3:29   0:00 
Shea Theodore            1  0  1   1  0   1  0  1  0  0  0/0    15:13   3:23   1:47 
Shea Weber               0  0  0   1  4   2  0  0  0  0  0/0    23:02   3:23   1:33 
Travis Hamonic           0  0  0  -1  0   0  0  3  0  0  0/0    25:48   3:01   4:03 
Tyler Seguin             0  0  0  -1  0   2  3  1  1  0  19/28  21:28   2:55   2:26 
Vince Hinostroza         0  0  0   0  0   0  3  0  0  0  1/1     6:14   0:00   0:00 
William Karlsson         0  0  0   0  0   2  1  0  1  0  1/4    10:05   0:00   3:51 
Zac Rinaldo              0  0  0   0  0   1  3  0  0  0  0/0    10:46   0:00   3:51 

Players Stats for Predators

Player Name              G  A  P  +/- PIM S  H  SB GA TA FO     MP     PP MP  PK MP  
------------------------------------------------------------------------------------
Alexander Edler          0  0  0   1  0   0  0  3  0  1  0/0    26:06   4:37   3:14 
Alexander Ovechkin       0  1  1   0  0   3  1  2  0  0  0/0    22:04   4:11   1:36 
Andy Miele               0  0  0   0  2   3  0  0  0  0  15/30  23:28   4:07   2:43 
Brendan Gallagher        0  0  0   0  0   1  3  1  1  0  0/0    17:56   3:45   0:48 
Jack Eichel              0  0  0   0  2   2  0  1  0  0  10/17  18:12   3:45   1:02 
Jaden Schwartz           0  0  0   0  0   0  0  0  0  0  0/0     4:35   3:45   0:48 
John Moore               0  0  0  -1  0   2  2  1  0  1  0/0    22:54   3:19   3:10 
Josh Morrissey           0  0  0  -1  0   1  1  0  0  0  0/0    11:00   0:00   0:00 
Justin Abdelkader        0  0  0  -1  0   0  0  1  0  0  0/0    15:06   0:00   0:00 
Justin Faulk             0  0  0  -1  2   0  0  3  0  0  0/0    22:08   3:19   2:24 
Mark Pysyk               0  0  0   0  0   0  0  0  0  1  0/0     9:50   0:00   4:00 
Matt Stajan              0  0  0   0  2   0  1  0  1  0  0/0     5:56   0:04   0:00 
Mikael Granlund          1  0  1   0  0   5  4  0  2  0  0/0    20:10   4:11   0:00 
Mike Brown               0  0  0  -1  0   0  1  0  0  0  0/0    10:28   0:00   0:00 
Nate Schmidt             0  0  0  -1  0   1  1  0  0  1  0/0    11:46   0:00   0:46 
Nicolas Kerdiles         0  0  0   0  0   3  1  1  0  1  1/1    15:19   0:00   1:51 
Ryan Mcdonagh            0  1  1   1  0   1  2  2  0  0  0/0    26:06   4:37   3:14 
Scott Laughton           0  0  0  -1  0   1  2  1  0  0  0/5    10:28   0:00   0:00 

3 Stars

1 - Peter Mueller (Clb)
2 - Michal Neuvirth (Clb)
3 - Shea Theodore (Clb)

Power Play

Blue Jackets - 1 on 4 Attempt(s) - 25.00%
Predators - 0 on 4 Attempt(s) - 0.00%

Penalty Kill

Blue Jackets - 4 on 4 Attempt(s) - 100.00% - Score 0 goal in Penalty Kill
Predators - 3 on 4 Attempt(s) - 75.00% - Score 0 goal in Penalty Kill

Team Stat

Blue Jackets - Hits : 26 - Faceoff Wins : 27 - Blocked Shots : 8 - Penalty Minutes : 8
Predators - Hits : 19 - Faceoff Wins : 26 - Blocked Shots : 16 - Penalty Minutes : 8

Official

Referees : Reid Anderson and Dan Kelly
Linesman : Travis Toomey and Jonny Murray

Game Notes

No Game Note

Finance

Level 1 -- Attendance: 5366 (89.43%) -- Ticket Income $536,600
Level 2 -- Attendance: 4664 (93.28%) -- Ticket Income $279,840
Level 3 -- Attendance: 1989 (99.45%) -- Ticket Income $69,615
Level 4 -- Attendance: 4000 (100.00%) -- Ticket Income $100,000
Luxury Box -- Attendance: 952 (95.20%) -- Ticket Income $190,400
Game was played at the Bridgestone arena.
Total Attendance: 16971 (94.28%)
Total Ticket Income: $1,176,455
Other Income: $176,468
Total Income: $1,352,923

Blue Jackets

5 vs 5 Forward 
   Center                   Left Wing                Right Wing               Time % Phy DF OF 
 1 Tyler Seguin             Artemi Panarin           Bobby Ryan               40     1   2  2  
 2 Sean Monahan             Rickard Rakell           Mitch Marner             30     1   2  2  
 3 Peter Mueller            Fabian Brunnstrom        Devin Setoguchi          20     1   2  2  
 4 William Karlsson         Zac Rinaldo              Vince Hinostroza         10     1   2  2  

5 vs 5 Defense 
   Defense                  Defense                                           Time % Phy DF OF 
 1 Travis Hamonic           Colton Parayko                                    40     1   2  2  
 2 Adam Larsson             Shea Weber                                        30     1   2  2  
 3 Ben Chiarot              Shea Theodore                                     20     1   2  2  
 4 Ben Chiarot              Shea Weber                                        10     1   2  2  

PowerPlay Forward 
   Center                   Left Wing                Right Wing               Time % Phy DF OF 
 1 Tyler Seguin             Artemi Panarin           Bobby Ryan               60     1   2  2  
 2 Sean Monahan             Rickard Rakell           Mitch Marner             40     1   2  2  

PowerPlay Defense
   Defense                  Defense                                           Time % Phy DF OF 
 1 Travis Hamonic           Colton Parayko                                    60     1   2  2  
 2 Shea Theodore            Shea Weber                                        40     1   2  2  

Penalty Kill 4 Players Forward 
   Center                   Wing                     Time % Phy DF OF 
 1 William Karlsson         Zac Rinaldo              60     1   2  2  
 2 Tyler Seguin             Rickard Rakell           40     1   2  2  

Penalty Kill 4 Players Defense
   Defense                  Defense                  Time % Phy DF OF 
 1 Travis Hamonic           Colton Parayko           60     1   2  2  
 2 Adam Larsson             Shea Weber               40     1   2  2  

Penalty Kill - 3 Players Forward 
   Forward                                           Time % Phy DF OF 
 1 William Karlsson                                  60     1   2  2  
 2 Tyler Seguin                                      40     1   2  2  

Penalty Kill - 3 Players Defense
   Defense                  Defense                  Time % Phy DF OF 
 1 Travis Hamonic           Colton Parayko           60     1   2  2  
 2 Adam Larsson             Shea Weber               40     1   2  2  

4 vs 4 Forward 
   Center                   Wing                     Time % Phy DF OF 
 1 Tyler Seguin             Artemi Panarin           60     1   2  2  
 2 Bobby Ryan               Sean Monahan             40     1   2  2  

4 vs 4 Defense
   Defense                  Defense                  Time % Phy DF OF 
 1 Travis Hamonic           Colton Parayko           60     1   2  2  
 2 Shea Theodore            Shea Weber               40     1   2  2  

Last Minutes Offensive
   Center                   Left Wing                Right Wing               Defense                  Defense                  
   Tyler Seguin             Artemi Panarin           Bobby Ryan               Travis Hamonic           Colton Parayko           

Last Minutes Defensive
   Center                   Left Wing                Right Wing               Defense                  Defense                  
   Tyler Seguin             Artemi Panarin           Bobby Ryan               Travis Hamonic           Colton Parayko           

Goaltenders
Starting : Michal Neuvirth          
Backup : Cam Talbot               

Extra Forwards
Normal : Zac Rinaldo, Fabian Brunnstrom, Peter Mueller - PP : Zac Rinaldo, Fabian Brunnstrom - PK : Peter Mueller
Extra Defensemen
Normal : Ben Chiarot, Shea Theodore, Adam Larsson - PP : Ben Chiarot - PK : Shea Theodore, Adam Larsson
Penalty Shots
Tyler Seguin, Artemi Panarin, Bobby Ryan, Sean Monahan, Rickard Rakell

Scratches
T.J. Oshie (Healthy), Tim Schaller (Healthy)

Predators

5 vs 5 Forward 
   Center                   Left Wing                Right Wing               Time % Phy DF OF 
 1 Andy Miele               Alexander Ovechkin       Mikael Granlund          40     1   1  3  
 2 Jack Eichel              Nicolas Kerdiles         Brendan Gallagher        30     1   2  2  
 3 Scott Laughton           Justin Abdelkader        Mike Brown               20     1   2  2  
 4 Matt Stajan              Justin Abdelkader        Mark Pysyk               10     1   2  2  

5 vs 5 Defense 
   Defense                  Defense                                           Time % Phy DF OF 
 1 Ryan Mcdonagh            Alexander Edler                                   40     1   2  2  
 2 John Moore               Justin Faulk                                      30     1   2  2  
 3 Nate Schmidt             Josh Morrissey                                    20     1   2  2  
 4 Ryan Mcdonagh            Alexander Edler                                   10     1   2  2  

PowerPlay Forward 
   Center                   Left Wing                Right Wing               Time % Phy DF OF 
 1 Andy Miele               Alexander Ovechkin       Mikael Granlund          60     1   1  3  
 2 Jack Eichel              Jaden Schwartz           Brendan Gallagher        40     1   1  3  

PowerPlay Defense
   Defense                  Defense                                           Time % Phy DF OF 
 1 Ryan Mcdonagh            Alexander Edler                                   60     1   2  2  
 2 John Moore               Justin Faulk                                      40     1   2  2  

Penalty Kill 4 Players Forward 
   Center                   Wing                     Time % Phy DF OF 
 1 Andy Miele               Mark Pysyk               60     1   2  2  
 2 Jaden Schwartz           Brendan Gallagher        40     1   2  2  

Penalty Kill 4 Players Defense
   Defense                  Defense                  Time % Phy DF OF 
 1 Ryan Mcdonagh            Alexander Edler          60     1   2  2  
 2 John Moore               Justin Faulk             40     1   2  2  

Penalty Kill - 3 Players Forward 
   Forward                                           Time % Phy DF OF 
 1 Andy Miele                                        60     1   2  2  
 2 Jaden Schwartz                                    40     1   2  2  

Penalty Kill - 3 Players Defense
   Defense                  Defense                  Time % Phy DF OF 
 1 Ryan Mcdonagh            Alexander Edler          60     1   2  2  
 2 John Moore               Justin Faulk             40     1   2  2  

4 vs 4 Forward 
   Center                   Wing                     Time % Phy DF OF 
 1 Mikael Granlund          Alexander Ovechkin       60     1   2  2  
 2 Jaden Schwartz           Brendan Gallagher        40     1   2  2  

4 vs 4 Defense
   Defense                  Defense                  Time % Phy DF OF 
 1 Ryan Mcdonagh            Alexander Edler          60     1   2  2  
 2 John Moore               Justin Faulk             40     1   2  2  

Last Minutes Offensive
   Center                   Left Wing                Right Wing               Defense                  Defense                  
   Jack Eichel              Alexander Ovechkin       Mikael Granlund          Ryan Mcdonagh            Alexander Edler          

Last Minutes Defensive
   Center                   Left Wing                Right Wing               Defense                  Defense                  
   Andy Miele               Alexander Ovechkin       Mikael Granlund          Ryan Mcdonagh            Alexander Edler          

Goaltenders
Starting : Jaroslav Halak           
Backup : Kari Lehtonen            

Extra Forwards
Normal : Jack Eichel, Matt Stajan, Nicolas Kerdiles - PP : Matt Stajan, Nicolas Kerdiles - PK : Nicolas Kerdiles
Extra Defensemen
Normal : John Moore, Josh Morrissey, Nate Schmidt - PP : Josh Morrissey - PK : Nate Schmidt, John Moore
Penalty Shots
Brendan Gallagher, Mikael Granlund, Alexander Ovechkin, Jaden Schwartz, Ryan Mcdonagh

Scratches
None


% Time on Ice - Blue Jackets

Lines # - Real PCT - Wanted PCT - Time Play
Normal Forward
1 - 35% - 40% - 16:01
2 - 27% - 30% - 12:32
3 - 24% - 20% - 10:53
4 - 14% - 10% - 6:14
Normal Defense
1 - 41% - 40% - 18:56
2 - 34% - 30% - 15:31
3 - 17% - 20% - 7:39
4 - 8% - 10% - 3:34
PP Forward
1 - 46% - 60% - 2:55
2 - 54% - 40% - 3:29
PP Defense
1 - 47% - 60% - 3:01
2 - 53% - 40% - 3:23
PK Forward
1 - 69% - 60% - 5:30
2 - 31% - 40% - 2:26
PK Defense
1 - 51% - 60% - 4:03
2 - 49% - 40% - 3:53
PK3 Forward
1 - 0% - 60%
2 - 0% - 40%
PK3 Defense
1 - 0% - 60%
2 - 0% - 40%
44 Forward
1 - 0% - 60%
2 - 0% - 40%
44 Defense
1 - 0% - 60%
2 - 0% - 40%
Last Minute Offensive  - 0:00
Last Minute Defensive  - 0:00
Total
Forward - 60:00
Defense - 60:00

% Time on Ice - Predators

Lines # - Real PCT - Wanted PCT - Time Play
Normal Forward
1 - 36% - 40% - 16:39
2 - 30% - 30% - 13:30
3 - 23% - 20% - 10:28
4 - 11% - 10% - 5:03
Normal Defense
1 - 39% - 40% - 17:43
2 - 36% - 30% - 16:25
3 - 24% - 20% - 11:00
4 - 1% - 10% - 0:32
PP Forward
1 - 53% - 60% - 4:11
2 - 47% - 40% - 3:45
PP Defense
1 - 58% - 60% - 4:37
2 - 42% - 40% - 3:19
PK Forward
1 - 88% - 60% - 5:36
2 - 13% - 40% - 0:48
PK Defense
1 - 51% - 60% - 3:14
2 - 49% - 40% - 3:10
PK3 Forward
1 - 0% - 60%
2 - 0% - 40%
PK3 Defense
1 - 0% - 60%
2 - 0% - 40%
44 Forward
1 - 0% - 60%
2 - 0% - 40%
44 Defense
1 - 0% - 60%
2 - 0% - 40%
Last Minute Offensive  - 0:00
Last Minute Defensive  - 0:00
Total
Forward - 60:00
Defense - 60:00

Play-by-Play

1st period


0:01 of 1st period - Tyler Seguin wins face-off versus Andy Miele in neutral zone.
0:22 of 1st period - Minor Penalty to Bobby Ryan for High sticking.
0:23 of 1st period - William Karlsson wins face-off versus Andy Miele in Blue Jackets zone.
1:25 of 1st period - Snap shot by Jaden Schwartz.
1:25 of 1st period - Shot Blocked by Colton Parayko.
1:35 of 1st period - Wrist shot by Brendan Gallagher.
1:35 of 1st period - Shot Blocked by Colton Parayko.
1:57 of 1st period - Snap shot by Jack Eichel.
1:57 of 1st period - Shot Blocked by Travis Hamonic.
2:22 of 1st period - Penalty to Bobby Ryan is over, Bobby Ryan is back on ice.
2:44 of 1st period - Icing by Alexander Edler.
2:45 of 1st period - Andy Miele wins face-off versus Peter Mueller in Predators zone.
2:45 of 1st period - Andy Miele is hit by Fabian Brunnstrom.
2:55 of 1st period - Snap shot by Devin Setoguchi.
2:55 of 1st period - Deflect By Peter Mueller.
2:55 of 1st period - Stopped by Jaroslav Halak with a rebound.
3:11 of 1st period - Alexander Edler is hit by Sean Monahan and loses puck.
3:16 of 1st period - Wrist shot by Rickard Rakell.
3:16 of 1st period - Shot Blocked by Alexander Edler.
3:22 of 1st period - Mitch Marner is hit by Scott Laughton and loses puck.
3:33 of 1st period - John Moore is hit by Zac Rinaldo and loses puck.
3:43 of 1st period - Off-side.
3:44 of 1st period - Tyler Seguin wins face-off versus Andy Miele in neutral zone.
3:55 of 1st period - Snap shot by Artemi Panarin.
3:55 of 1st period - Shot Hit the Post.
4:09 of 1st period - Peter Mueller is hit by Mike Brown and loses puck.
4:28 of 1st period - Snap shot by Rickard Rakell.
4:28 of 1st period - Stopped by Jaroslav Halak with a rebound.
4:30 of 1st period - Slapshot by Sean Monahan.
4:30 of 1st period - Stopped by Jaroslav Halak with a rebound.
4:32 of 1st period - Wrist shot by Rickard Rakell.
4:32 of 1st period - Stopped by Jaroslav Halak without a rebound.
4:33 of 1st period - Andy Miele wins face-off versus Tyler Seguin in Predators zone.
5:24 of 1st period - Wrist shot by Tyler Seguin.
5:24 of 1st period - Deflect By Artemi Panarin.
5:24 of 1st period - Stopped by Jaroslav Halak without a rebound.
5:25 of 1st period - Sean Monahan wins face-off versus Jack Eichel in Predators zone.
5:55 of 1st period - Ben Chiarot is hit by Scott Laughton and loses puck.
6:10 of 1st period - Matt Stajan is hit by Vince Hinostroza and loses puck.
6:15 of 1st period - Wrist shot by Zac Rinaldo.
6:15 of 1st period - Stopped by Jaroslav Halak without a rebound.
6:16 of 1st period - Jack Eichel wins face-off versus Sean Monahan in Predators zone.
6:21 of 1st period - Colton Parayko is hit by Nicolas Kerdiles and loses puck.
6:26 of 1st period - Snap shot by Brendan Gallagher.
6:26 of 1st period - Shot Blocked by Colton Parayko.
6:46 of 1st period - Icing by Alexander Ovechkin.
6:47 of 1st period - Tyler Seguin wins face-off versus Andy Miele in Predators zone.
7:01 of 1st period - Minor Penalty to Shea Weber for Hooking.
7:02 of 1st period - Andy Miele wins face-off versus William Karlsson in Blue Jackets zone.
7:04 of 1st period - Snap shot by Mikael Granlund.
7:04 of 1st period - Shot Misses the Net.
7:06 of 1st period - Slapshot by John Moore.
7:06 of 1st period - Stopped by Michal Neuvirth with a rebound.
7:08 of 1st period - Snap shot by John Moore.
7:08 of 1st period - Shot Misses the Net.
7:10 of 1st period - Snap shot by Alexander Ovechkin.
7:10 of 1st period - Shot Misses the Net.
9:01 of 1st period - Penalty to Shea Weber is over, Shea Weber is back on ice.
9:09 of 1st period - Snap shot by Tyler Seguin.
9:09 of 1st period - Stopped by Jaroslav Halak without a rebound.
9:10 of 1st period - Peter Mueller wins face-off versus Scott Laughton in Predators zone.
10:02 of 1st period - Wrist shot by Justin Abdelkader.
10:02 of 1st period - Shot Misses the Net.
10:04 of 1st period - Snap shot by Nate Schmidt.
10:04 of 1st period - Deflect By Colton Parayko.
10:04 of 1st period - Stopped by Michal Neuvirth without a rebound.
10:05 of 1st period - Tyler Seguin wins face-off versus Jack Eichel in Blue Jackets zone.
10:12 of 1st period - Wrist shot by Artemi Panarin.
10:12 of 1st period - Stopped by Jaroslav Halak with a rebound.
10:31 of 1st period - Rickard Rakell is hit by Mikael Granlund and loses puck.
11:52 of 1st period - Alexander Edler is hit by Devin Setoguchi and loses puck.
11:57 of 1st period - Wrist shot by Devin Setoguchi.
11:57 of 1st period - Shot Misses the Net.
11:59 of 1st period - Snap shot by Shea Weber.
11:59 of 1st period - Stopped by Jaroslav Halak with a rebound.
12:01 of 1st period - Slapshot by Shea Weber.
12:01 of 1st period - Shot Misses the Net.
12:11 of 1st period - William Karlsson is hit by Brendan Gallagher and loses puck.
12:58 of 1st period - Snap shot by Zac Rinaldo.
12:58 of 1st period - Shot Blocked by Alexander Ovechkin.
13:08 of 1st period - Snap shot by William Karlsson.
13:08 of 1st period - Stopped by Jaroslav Halak without a rebound.
13:09 of 1st period - Tyler Seguin wins face-off versus Jack Eichel in Predators zone.
13:10 of 1st period - Wrist shot by Artemi Panarin.
13:10 of 1st period - Deflect By Brendan Gallagher.
13:10 of 1st period - Shot Misses the Net.
13:10 of 1st period - Puck is out of play.
13:11 of 1st period - Tyler Seguin wins face-off versus Jack Eichel in Predators zone.
13:41 of 1st period - Icing by Sean Monahan.
13:42 of 1st period - Andy Miele wins face-off versus Sean Monahan in Blue Jackets zone.
13:47 of 1st period - Slapshot by Mikael Granlund.
13:47 of 1st period - Stopped by Michal Neuvirth with a rebound.
13:49 of 1st period - Snap shot by Mikael Granlund.
13:49 of 1st period - Deflect By Andy Miele.
13:49 of 1st period - Stopped by Michal Neuvirth with a rebound.
13:53 of 1st period - Snap shot by Mikael Granlund.
13:53 of 1st period - Stopped by Michal Neuvirth without a rebound.
13:54 of 1st period - Tyler Seguin wins face-off versus Jack Eichel in Blue Jackets zone.
13:56 of 1st period - Icing by Bobby Ryan.
13:57 of 1st period - Jack Eichel wins face-off versus Tyler Seguin in Blue Jackets zone.
14:00 of 1st period - Snap shot by Jack Eichel.
14:00 of 1st period - Shot Misses the Net.
15:52 of 1st period - Mark Pysyk is hit by Tyler Seguin.
16:16 of 1st period - Zac Rinaldo is hit by Nate Schmidt and loses puck.
17:06 of 1st period - Fabian Brunnstrom is hit by Mikael Granlund and loses puck.
17:28 of 1st period - Minor Penalty to Shea Weber for Holding.
17:29 of 1st period - Andy Miele wins face-off versus William Karlsson in Blue Jackets zone.
18:39 of 1st period - William Karlsson is hit by Mikael Granlund.
19:16 of 1st period - Backhand shot by Andy Miele.
19:16 of 1st period - Stopped by Michal Neuvirth with a rebound.
19:28 of 1st period - Penalty to Shea Weber is over, Shea Weber is back on ice.
19:53 of 1st period - Snap shot by Shea Weber.
19:53 of 1st period - Shot Hit the Post.
19:55 of 1st period - Slapshot by Peter Mueller.
19:55 of 1st period - Shot Misses the Net.
Goals for this period are 0 for Blue Jackets vs 0 for Predators.
Shots for this period are 10 for Blue Jackets vs 6 for Predators.

2nd period


0:01 of 2nd period - Jack Eichel wins face-off versus Tyler Seguin in neutral zone.
0:04 of 2nd period - Tyler Seguin is hit by Ryan Mcdonagh and loses puck.
0:13 of 2nd period - Snap shot by Nicolas Kerdiles.
0:13 of 2nd period - Stopped by Michal Neuvirth without a rebound.
0:14 of 2nd period - Tyler Seguin wins face-off versus Andy Miele in Blue Jackets zone.
0:28 of 2nd period - Off-side.
0:29 of 2nd period - Jack Eichel wins face-off versus Mitch Marner in neutral zone.
1:08 of 2nd period - Mikael Granlund is hit by Artemi Panarin and loses puck.
2:33 of 2nd period - Wrist shot by Matt Stajan.
2:33 of 2nd period - Shot Misses the Net.
2:35 of 2nd period - Slapshot by Justin Faulk.
2:35 of 2nd period - Shot Blocked by Tyler Seguin.
3:20 of 2nd period - Off-side.
3:21 of 2nd period - Tyler Seguin wins face-off versus Jack Eichel in neutral zone.
3:30 of 2nd period - Wrist shot by Tyler Seguin.
3:30 of 2nd period - Shot Blocked by Alexander Edler.
3:57 of 2nd period - Alexander Edler is hit by Sean Monahan and loses puck.
4:16 of 2nd period - Slapshot by Justin Faulk.
4:16 of 2nd period - Shot Misses the Net.
4:36 of 2nd period - Colton Parayko is hit by John Moore and loses puck.
4:51 of 2nd period - Mikael Granlund is hit by Bobby Ryan and loses puck.
4:58 of 2nd period - Snap shot by Artemi Panarin.
4:58 of 2nd period - Stopped by Jaroslav Halak with a rebound.
5:14 of 2nd period - Wrist shot by Nicolas Kerdiles.
5:14 of 2nd period - Stopped by Michal Neuvirth without a rebound.
5:15 of 2nd period - Jack Eichel wins face-off versus Sean Monahan in Blue Jackets zone.
5:49 of 2nd period - Slapshot by Justin Abdelkader.
5:49 of 2nd period - Deflect By Mike Brown.
5:49 of 2nd period - Shot Misses the Net.
5:49 of 2nd period - Puck is out of play.
5:50 of 2nd period - Tyler Seguin wins face-off versus Andy Miele in Blue Jackets zone.
6:57 of 2nd period - Alexander Ovechkin is hit by Vince Hinostroza and loses puck.
7:04 of 2nd period - Wrist shot by William Karlsson.
7:04 of 2nd period - Stopped by Jaroslav Halak without a rebound.
7:05 of 2nd period - Jack Eichel wins face-off versus Bobby Ryan in Predators zone.
7:22 of 2nd period - Jack Eichel is hit by Artemi Panarin and loses puck.
7:35 of 2nd period - Mitch Marner is hit by Alexander Ovechkin and loses puck.
7:42 of 2nd period - Wrist shot by Andy Miele.
7:42 of 2nd period - Deflect By Mikael Granlund.
7:42 of 2nd period - Shot Blocked by Travis Hamonic.
7:42 of 2nd period - Puck is out of play.
7:43 of 2nd period - Andy Miele wins face-off versus Tyler Seguin in Blue Jackets zone.
8:37 of 2nd period - Snap shot by Zac Rinaldo.
8:37 of 2nd period - Deflect By William Karlsson.
8:37 of 2nd period - Shot Misses the Net.
8:37 of 2nd period - Puck is out of play.
8:38 of 2nd period - Vince Hinostroza wins face-off versus Andy Miele in Predators zone.
9:05 of 2nd period - Josh Morrissey is hit by Tyler Seguin and loses puck.
10:09 of 2nd period - Wrist shot by William Karlsson.
10:09 of 2nd period - Shot Hit the Post.
10:17 of 2nd period - Nate Schmidt is hit by Zac Rinaldo and loses puck.
10:28 of 2nd period - Bobby Ryan is hit by Josh Morrissey and loses puck.
10:52 of 2nd period - Minor Penalty to Justin Faulk for Slashing.
10:53 of 2nd period - Andy Miele wins face-off versus Tyler Seguin in Predators zone.
10:53 of 2nd period - Andy Miele is hit by Tyler Seguin.
11:20 of 2nd period - Icing by Mitch Marner.
11:21 of 2nd period - Andy Miele wins face-off versus Sean Monahan in Blue Jackets zone.
11:50 of 2nd period - John Moore is hit by Bobby Ryan and loses puck.
11:57 of 2nd period - Wrist shot by Bobby Ryan.
11:57 of 2nd period - Shot Misses the Net.
12:52 of 2nd period - Penalty to Justin Faulk is over, Justin Faulk is back on ice.
12:59 of 2nd period - Snap shot by Justin Abdelkader.
12:59 of 2nd period - Shot Blocked by Shea Theodore.
13:01 of 2nd period - Snap shot by John Moore.
13:01 of 2nd period - Stopped by Michal Neuvirth without a rebound.
13:02 of 2nd period - Peter Mueller wins face-off versus Scott Laughton in Blue Jackets zone.
13:19 of 2nd period - Snap shot by Scott Laughton.
13:19 of 2nd period - Stopped by Michal Neuvirth with a rebound.
13:29 of 2nd period - Slapshot by Justin Abdelkader.
13:29 of 2nd period - Shot Misses the Net.
13:43 of 2nd period - Wrist shot by Peter Mueller.
13:43 of 2nd period - Goal by Peter Mueller - Blue Jackets : 1 - Predators : 0.
13:44 of 2nd period - Andy Miele wins face-off versus Tyler Seguin in neutral zone.
13:49 of 2nd period - Snap shot by Alexander Ovechkin.
13:49 of 2nd period - Deflect By Mikael Granlund.
13:49 of 2nd period - Goal by Mikael Granlund - Blue Jackets : 1 - Predators : 1.
13:50 of 2nd period - Tyler Seguin wins face-off versus Andy Miele in neutral zone.
13:55 of 2nd period - Mikael Granlund is hit by Bobby Ryan and loses puck.
14:10 of 2nd period - Alexander Edler is hit by Bobby Ryan and loses puck.
14:27 of 2nd period - Snap shot by Brendan Gallagher.
14:27 of 2nd period - Stopped by Michal Neuvirth without a rebound.
14:28 of 2nd period - Jack Eichel wins face-off versus Mitch Marner in Blue Jackets zone.
14:55 of 2nd period - Artemi Panarin is hit by Mikael Granlund and loses puck.
15:02 of 2nd period - Snap shot by Alexander Ovechkin.
15:02 of 2nd period - Stopped by Michal Neuvirth with a rebound.
15:04 of 2nd period - Wrist shot by Alexander Ovechkin.
15:04 of 2nd period - Stopped by Michal Neuvirth with a rebound.
15:42 of 2nd period - Ryan Mcdonagh is hit by William Karlsson and loses puck.
15:57 of 2nd period - Wrist shot by Rickard Rakell.
15:57 of 2nd period - Shot Blocked by Alexander Ovechkin.
17:12 of 2nd period - Colton Parayko is hit by Matt Stajan and loses puck.
17:23 of 2nd period - Wrist shot by Rickard Rakell.
17:23 of 2nd period - Shot Blocked by Nicolas Kerdiles.
17:25 of 2nd period - Slapshot by Travis Hamonic.
17:25 of 2nd period - Shot Misses the Net.
17:27 of 2nd period - Slapshot by Artemi Panarin.
17:27 of 2nd period - Shot Blocked by Justin Faulk.
18:02 of 2nd period - Backhand shot by Sean Monahan.
18:02 of 2nd period - Stopped by Jaroslav Halak without a rebound.
18:03 of 2nd period - Andy Miele wins face-off versus Sean Monahan in Predators zone.
18:03 of 2nd period - Andy Miele is hit by Mitch Marner.
18:29 of 2nd period - Mikael Granlund is hit by Ben Chiarot and loses puck.
18:34 of 2nd period - Slapshot by Peter Mueller.
18:34 of 2nd period - Goal by Peter Mueller - Blue Jackets : 2 - Predators : 1.
18:35 of 2nd period - Andy Miele wins face-off versus Tyler Seguin in neutral zone.
18:47 of 2nd period - Snap shot by Artemi Panarin.
18:47 of 2nd period - Shot Misses the Net.
19:22 of 2nd period - Snap shot by Justin Abdelkader.
19:22 of 2nd period - Shot Misses the Net.
Goals for this period are 2 for Blue Jackets vs 1 for Predators.
Shots for this period are 5 for Blue Jackets vs 8 for Predators.

3rd period


0:01 of 3rd period - Tyler Seguin wins face-off versus Andy Miele in neutral zone.
0:16 of 3rd period - Wrist shot by Mikael Granlund.
0:16 of 3rd period - Shot Misses the Net.
0:26 of 3rd period - Brendan Gallagher is hit by Rickard Rakell and loses puck.
0:31 of 3rd period - Wrist shot by Rickard Rakell.
0:31 of 3rd period - Shot Blocked by Brendan Gallagher.
0:49 of 3rd period - Wrist shot by Devin Setoguchi.
0:49 of 3rd period - Shot Blocked by Justin Faulk.
0:57 of 3rd period - Wrist shot by Fabian Brunnstrom.
0:57 of 3rd period - Shot Blocked by Justin Faulk.
0:59 of 3rd period - Snap shot by Fabian Brunnstrom.
0:59 of 3rd period - Stopped by Jaroslav Halak with a rebound.
1:17 of 3rd period - Wrist shot by Alexander Ovechkin.
1:17 of 3rd period - Stopped by Michal Neuvirth with a rebound.
1:19 of 3rd period - Wrist shot by Alexander Ovechkin.
1:19 of 3rd period - Shot Misses the Net.
1:37 of 3rd period - Tyler Seguin is hit by Brendan Gallagher and loses puck.
2:16 of 3rd period - Snap shot by Peter Mueller.
2:16 of 3rd period - Stopped by Jaroslav Halak with a rebound.
2:24 of 3rd period - Slapshot by Josh Morrissey.
2:24 of 3rd period - Stopped by Michal Neuvirth with a rebound.
2:55 of 3rd period - Snap shot by Justin Abdelkader.
2:55 of 3rd period - Deflect By Matt Stajan.
2:55 of 3rd period - Shot Misses the Net.
2:55 of 3rd period - Puck is out of play.
2:56 of 3rd period - Andy Miele wins face-off versus Sean Monahan in Blue Jackets zone.
3:03 of 3rd period - Snap shot by Mikael Granlund.
3:03 of 3rd period - Deflect By Mitch Marner.
3:03 of 3rd period - Stopped by Michal Neuvirth with a rebound.
3:05 of 3rd period - Snap shot by Mikael Granlund.
3:05 of 3rd period - Stopped by Michal Neuvirth without a rebound.
3:06 of 3rd period - Tyler Seguin wins face-off versus Andy Miele in Blue Jackets zone.
3:34 of 3rd period - Slapshot by Nicolas Kerdiles.
3:34 of 3rd period - Shot Misses the Net.
3:36 of 3rd period - Slapshot by Ryan Mcdonagh.
3:36 of 3rd period - Deflect By Sean Monahan.
3:36 of 3rd period - Stopped by Michal Neuvirth with a rebound.
3:40 of 3rd period - Wrist shot by Jack Eichel.
3:40 of 3rd period - Stopped by Michal Neuvirth without a rebound.
3:41 of 3rd period - Jack Eichel wins face-off versus Sean Monahan in Blue Jackets zone.
3:44 of 3rd period - Snap shot by Nicolas Kerdiles.
3:44 of 3rd period - Stopped by Michal Neuvirth without a rebound.
3:45 of 3rd period - Jack Eichel wins face-off versus Sean Monahan in Blue Jackets zone.
3:48 of 3rd period - Wrist shot by Brendan Gallagher.
3:48 of 3rd period - Shot Blocked by Travis Hamonic.
5:00 of 3rd period - Slapshot by Brendan Gallagher.
5:00 of 3rd period - Shot Misses the Net.
5:02 of 3rd period - Snap shot by Brendan Gallagher.
5:02 of 3rd period - Shot Misses the Net.
5:28 of 3rd period - Wrist shot by Andy Miele.
5:28 of 3rd period - Shot Misses the Net.
5:30 of 3rd period - Snap shot by Andy Miele.
5:30 of 3rd period - Stopped by Michal Neuvirth without a rebound.
5:31 of 3rd period - Tyler Seguin wins face-off versus Andy Miele in Blue Jackets zone.
5:33 of 3rd period - Minor Penalty to Artemi Panarin for Hooking.
5:34 of 3rd period - Andy Miele wins face-off versus William Karlsson in Blue Jackets zone.
5:50 of 3rd period - Wrist shot by Andy Miele.
5:50 of 3rd period - Shot Misses the Net.
6:22 of 3rd period - Snap shot by Tyler Seguin.
6:22 of 3rd period - Shot Misses the Net.
7:19 of 3rd period - William Karlsson is hit by Brendan Gallagher and loses puck.
7:33 of 3rd period - Penalty to Artemi Panarin is over, Artemi Panarin is back on ice.
8:34 of 3rd period - Minor Penalty to Matt Stajan for Tripping.
8:35 of 3rd period - Tyler Seguin wins face-off versus Andy Miele in Predators zone.
8:36 of 3rd period - Wrist shot by Bobby Ryan.
8:36 of 3rd period - Stopped by Jaroslav Halak without a rebound.
8:37 of 3rd period - Bobby Ryan wins face-off versus Andy Miele in Predators zone.
9:38 of 3rd period - Andy Miele is hit by Sean Monahan.
10:27 of 3rd period - Artemi Panarin is hit by Ryan Mcdonagh and loses puck.
10:34 of 3rd period - Penalty to Matt Stajan is over, Matt Stajan is back on ice.
11:11 of 3rd period - Minor Penalty to Jack Eichel for Hooking.
11:12 of 3rd period - Andy Miele wins face-off versus Tyler Seguin in Predators zone.
11:12 of 3rd period - Andy Miele is hit by Bobby Ryan.
11:34 of 3rd period - Off-side.
11:35 of 3rd period - Sean Monahan wins face-off versus Andy Miele in neutral zone.
11:38 of 3rd period - Slapshot by Shea Theodore.
11:38 of 3rd period - Goal by Shea Theodore - Blue Jackets : 3 - Predators : 1.
11:39 of 3rd period - Tyler Seguin wins face-off versus Andy Miele in neutral zone.
11:46 of 3rd period - Snap shot by Tyler Seguin.
11:46 of 3rd period - Stopped by Jaroslav Halak with a rebound.
12:06 of 3rd period - Nicolas Kerdiles is hit by Devin Setoguchi and loses puck.
12:11 of 3rd period - Wrist shot by Fabian Brunnstrom.
12:11 of 3rd period - Stopped by Jaroslav Halak with a rebound.
12:19 of 3rd period - Slapshot by Jack Eichel.
12:19 of 3rd period - Stopped by Michal Neuvirth without a rebound.
12:20 of 3rd period - Tyler Seguin wins face-off versus Scott Laughton in Blue Jackets zone.
12:32 of 3rd period - Icing by Scott Laughton.
12:33 of 3rd period - Tyler Seguin wins face-off versus Scott Laughton in Predators zone.
12:42 of 3rd period - Tyler Seguin is hit by John Moore.
12:48 of 3rd period - Wrist shot by Artemi Panarin.
12:48 of 3rd period - Stopped by Jaroslav Halak without a rebound.
12:49 of 3rd period - Andy Miele wins face-off versus Sean Monahan in Predators zone.
14:15 of 3rd period - Minor Penalty to Andy Miele for Hooking.
14:16 of 3rd period - Nicolas Kerdiles wins face-off versus Tyler Seguin in Predators zone.
14:51 of 3rd period - Slapshot by Mitch Marner.
14:51 of 3rd period - Stopped by Jaroslav Halak without a rebound.
14:52 of 3rd period - Jack Eichel wins face-off versus Sean Monahan in Predators zone.
15:27 of 3rd period - Snap shot by Shea Theodore.
15:27 of 3rd period - Shot Blocked by Alexander Edler.
15:29 of 3rd period - Slapshot by Shea Weber.
15:29 of 3rd period - Stopped by Jaroslav Halak with a rebound.
16:15 of 3rd period - Penalty to Andy Miele is over, Andy Miele is back on ice.
16:24 of 3rd period - Wrist shot by Rickard Rakell.
16:24 of 3rd period - Shot Misses the Net.
16:26 of 3rd period - Wrist shot by Sean Monahan.
16:26 of 3rd period - Shot Misses the Net.
16:28 of 3rd period - Wrist shot by Rickard Rakell.
16:28 of 3rd period - Stopped by Jaroslav Halak with a rebound.
16:30 of 3rd period - Snap shot by Sean Monahan.
16:30 of 3rd period - Shot Blocked by John Moore.
16:32 of 3rd period - Wrist shot by Mitch Marner.
16:32 of 3rd period - Stopped by Jaroslav Halak with a rebound.
16:34 of 3rd period - Slapshot by Sean Monahan.
16:34 of 3rd period - Shot Blocked by Jack Eichel.
16:36 of 3rd period - Wrist shot by Rickard Rakell.
16:36 of 3rd period - Shot Hit the Post.
16:38 of 3rd period - Slapshot by Shea Theodore.
16:38 of 3rd period - Shot Misses the Net.
16:40 of 3rd period - Snap shot by Sean Monahan.
16:40 of 3rd period - Shot Misses the Net.
16:42 of 3rd period - Slapshot by Rickard Rakell.
16:42 of 3rd period - Shot Misses the Net.
16:44 of 3rd period - Snap shot by Sean Monahan.
16:44 of 3rd period - Shot Misses the Net.
16:46 of 3rd period - Slapshot by Shea Theodore.
16:46 of 3rd period - Shot Misses the Net.
16:50 of 3rd period - Snap shot by Mitch Marner.
16:50 of 3rd period - Stopped by Jaroslav Halak without a rebound.
16:51 of 3rd period - Devin Setoguchi wins face-off versus Scott Laughton in Predators zone.
16:52 of 3rd period - Slapshot by Colton Parayko.
16:52 of 3rd period - Stopped by Jaroslav Halak with a rebound.
16:54 of 3rd period - Wrist shot by Fabian Brunnstrom.
16:54 of 3rd period - Shot Misses the Net.
17:00 of 3rd period - Wrist shot by Peter Mueller.
17:00 of 3rd period - Shot Blocked by Scott Laughton.
17:02 of 3rd period - Slapshot by Travis Hamonic.
17:02 of 3rd period - Shot Misses the Net.
17:04 of 3rd period - Slapshot by Fabian Brunnstrom.
17:04 of 3rd period - Shot Blocked by Ryan Mcdonagh.
17:06 of 3rd period - Snap shot by Colton Parayko.
17:06 of 3rd period - Shot Blocked by Ryan Mcdonagh.
17:08 of 3rd period - Snap shot by Peter Mueller.
17:08 of 3rd period - Shot Blocked by Justin Abdelkader.
17:55 of 3rd period - Nicolas Kerdiles is hit by Vince Hinostroza and loses puck.
18:49 of 3rd period - Matt Stajan is hit by Zac Rinaldo and loses puck.
19:09 of 3rd period - Icing by Artemi Panarin.
19:10 of 3rd period - Tyler Seguin wins face-off versus Jack Eichel in Blue Jackets zone.
Goals for this period are 1 for Blue Jackets vs 0 for Predators.
Shots for this period are 13 for Blue Jackets vs 9 for Predators.